Map: Simulacrum LE

Players

SKillous

  • Race: Protoss Protoss
  • League: Master
  • Spawn Location: 11:00

LiquidClem (Clem) - Winner!

  • Race: Terran Terran
  • League: Master
  • Spawn Location: 5:00

VOD

Have the link to the VOD?

Description

Time

  • Played on: May 22, 2020, 3:41 p.m.
  • Length: 5:05
Show
View Real Time Build Order
Export as new Build Order

SKillous Protoss 

Build Orders: 1 Gate Expand, Dark Templar Rush 

Get SALT Encoding   

  12  0:00  Probe  
  13  0:13  Probe  
  14  0:18  Pylon  
  14  0:25  Probe (Chrono Boost)  
  15  0:37  Probe (Chrono Boost), Gateway  
  16  0:46  Probe (Chrono Boost), Assimilator  
  17  0:53  Probe  
  18  1:05  Probe  
  19  1:17  Probe  
  20  1:25  Cybernetics Core  
  20  1:33  Nexus  
  20  1:36  Probe  
  21  1:44  Pylon  
  21  1:49  Assimilator  
  21  1:52  Probe  
  22  1:59  Stalker (Chrono Boost)  
  22  2:03  Warp Gate  
  22  2:07  Probe (Chrono Boost)  
  25  2:19  Probe (Chrono Boost)  
  26  2:26  Probe (Chrono Boost)  
  26  2:27  Stalker  
  28  2:33  Probe  
  29  2:42  Twilight Council  
  29  2:45  Probe (Chrono Boost)  
  31  2:51  Probe (Chrono Boost)  
  31  2:54  Probe (Chrono Boost)  
  31  2:55  Pylon  
  33  2:58  Probe (Chrono Boost)  
  33  2:59  Probe (Chrono Boost)  
  33  3:07  Stalker (Chrono Boost)  
  33  3:13  Probe, Shield Battery  
  34  3:21  Dark Shrine  
  34  3:24  Probe  
  32  3:27  Probe  
  33  3:40  Probe  
  35  3:42  Gateway  
  35  3:48  Probe  
  35  3:51  Stalker  
  37  4:01  Probe (Chrono Boost)  
  37  4:07  Probe (Chrono Boost)  
  38  4:10  Probe (Chrono Boost)  
  38  4:14  Probe (Chrono Boost)  
  39  4:17  Probe  
  39  4:18  Gateway  
  40  4:28  Gateway  
  40  4:33  Dark Templar  
  40  4:34  Probe  
  39  4:40  Dark Templar  
  41  4:45  Probe  
  41  4:47  Probe  
  42  4:57  Gateway  
Show
View Real Time Build Order
Export as new Build Order

LiquidClem Terran - Winner!

Build Orders:  

Get SALT Encoding   

  12  0:00  SCV  
  13  0:12  SCV  
  14  0:17  Supply Depot  
  14  0:24  SCV  
  15  0:38  SCV  
  15  0:39  Barracks  
  16  0:43  Refinery  
  16  0:50  SCV  
  17  0:59  Barracks  
  17  1:03  SCV  
  18  1:15  SCV  
  19  1:25  Reaper  
  19  1:27  Orbital Command  
  20  1:35  Supply Depot  
  20  1:47  Reaper  
  20  1:53  SCV  
  22  2:02  Reaper  
  23  2:10  Command Center  
  23  2:12  SCV  
  24  2:20  Reaper, Refinery  
  25  2:26  Supply Depot  
  25  2:28  SCV  
  26  2:37  Marine  
  26  2:41  SCV  
  28  2:51  Factory  
  28  2:53  Marine  
  28  2:57  Marine, SCV  
  31  3:09  SCV  
  32  3:14  Marine  
  32  3:19  Barracks Tech Lab  
  33  3:21  SCV  
  33  3:22  Orbital Command  
  34  3:34  SCV  
  36  3:35  Starport  
  36  3:36  Factory Tech Lab  
  36  3:39  Marine  
  37  3:44  Engineering Bay  
  37  3:46  SCV  
  37  3:50  SCV  
  37  3:54  Barracks Reactor  
  38  3:57  Marine  
  38  4:03  SCV  
  38  4:06  SCV  
  40  4:11  Siege Tank  
  40  4:13  Supply Depot  
  40  4:14  Missile Turret, Marine  
  44  4:18  Barracks  
  44  4:19  SCV x2  
  46  4:26  Supply Depot  
  46  4:31  Marine  
  47  4:32  Marine, SCV  
  47  4:35  Marine  
  47  4:37  SCV  
  51  4:46  Starport Reactor  
  51  4:47  SCV  
  51  4:49  SCV  
  51  4:50  Refinery  
  55  4:53  Factory Reactor  
  55  4:54  Supply Depot  
Tags
 
Add a new tag
Caveats
  • Supply blocks, unpowered buildings, or Contaminate may cause inaccurate times.
  • Supply counts are checked every 10 seconds.